 Dungeon Crawl Stone Soup version 0.24.0-37-gcf1ca852f1 (webtiles) character file.

Game seed: 2979854962812975684, levelgen mode: deterministic

3378 grindst0ne the Naga Disaster (level 10, 0/85 HPs)
             Began as a Naga Monk on Nov 29, 2019.
             Was a Believer of Qazlal.
             Slain by Prince Ribbit (10 damage)
             ... on level 7 of the Dungeon.
             The game lasted 00:27:47 (6696 turns).

grindst0ne the Naga Disaster (Naga Monk)            Turns: 6696, Time: 00:27:48

Health: 0/85       AC:  9    Str: 15    XL:     10   Next: 3%
Magic:  16/16      EV:  8    Int: 12    God:    Qazlal [**....]
Gold:   274        SH: 16    Dex: 14    Spells: 9/9 levels left

rFire    + . .     SeeInvis +   a - +0 hand axe
rCold    . . .     Gourm    .   f - +0 large shield
rNeg     . . .     Faith    .   k - +3 ring mail
rPois    +         Spirit   .   (no helmet)
rElec    .         Reflect  .   (no cloak)
rCorr    .         Harm     .   (no gloves)
MR       +....                  (no barding)
Stlth    +++.......             p - amulet of regeneration
HPRegen  0.64/turn              x - ring of flight
MPRegen  0.15/turn              y - ring of protection from fire

@: short of breath, marked, very slow
A: large, see invisible, deformed body, poison resistance, slowness 2, slow
metabolism 1, spit poison 1, AC +3
a: Spit Poison, Upheaval, Renounce Religion, Evoke Flight


You were on level 7 of the Dungeon.
You worshipped Qazlal.
Qazlal was pleased with you.
You were not hungry.

You visited 2 branches of the dungeon, and saw 8 of its levels.

You collected 274 gold pieces.

Inventory:

Hand Weapons
 a - a +0 hand axe (weapon)
 b - a +0 dagger
 e - a cursed +0 rapier
 s - a +0 short sword of venom
 u - a +1 falchion of protection
Missiles
 j - 5 javelins (quivered)
 l - 50 poisoned darts
 q - 12 boomerangs
 v - 7 atropa-tipped darts
Armour
 f - a +0 large shield (worn)
 k - a +3 ring mail (worn)
 m - a +0 chain mail
Jewellery
 p - an amulet of regeneration (around neck)
 x - a ring of flight (left hand)
 y - a ring of protection from fire (right hand)
Wands
 h - a wand of digging (5)
 B - a wand of random effects (12)
 C - a wand of clouds (5)
Scrolls
 g - a scroll of blinking
 i - a scroll of enchant weapon
 o - a scroll of teleportation
 t - 4 scrolls of remove curse
 A - a scroll of amnesia {unknown}
 D - a scroll of identify
Potions
 z - a potion of agility {unknown}
Comestibles
 c - 9 rations


   Skills:
 - Level 4.1 Fighting
 - Level 4.0 Axes
 - Level 3.2 Armour
 + Level 6.1 Dodging
 - Level 7.2 Stealth
 + Level 5.1 Shields
 * Level 8.1 Invocations


You had 9 spell levels left.
You didn't know any spells.
Your spell library contained the following spells:

 Spells                   Type           Power        Failure   Level  Hunger
 Beastly Appendage        Tmut           #.....       99%         1    ##.....
 Sticks to Snakes         Tmut           #.......     100%        2    ###....
 Spider Form              Tmut/Pois      #.........   100%        3    ####...
 Ice Form                 Ice/Tmut       #.......     100%        4    #####..
 Blade Hands              Tmut           #.........   100%        5    ######.


Dungeon Overview and Level Annotations

Branches:
Dungeon (7/15)             Temple (1/1) D:5

Altars:
Ashenzari
Cheibriados
Elyvilon
Fedhas
Hepliaklqana
Kikubaaqudgha
Nemelex Xobeh
Okawaru
Qazlal
Ru
Sif Muna
Trog
Uskayaw
Vehumet
Wu Jian
Xom
Zin

Annotations:
D:3 3 runed translucent doors, Klik's ghost, amateur HOFi
D:5 1 runed translucent door, Esos's ghost, amateur DgIE
D:7 Prince Ribbit


Innate Abilities, Weirdness & Mutations

You cannot wear boots.
Your serpentine skin is tough. (AC +3)
You have supernaturally acute eyesight. (SInv)
Armour fits poorly on your strangely shaped body.
Your system is resistant to poisons. (rPois)
You cover ground very slowly.
You have a slow metabolism.
You can spit poison.


Message History

You hit Prince Ribbit.
Prince Ribbit is heavily wounded.
You barely miss the adder.
Prince Ribbit croaks regally.
You block Prince Ribbit's attack. You block the adder's attack.
Prince Ribbit hops awkwardly around.
Prince Ribbit closely misses you. You block the adder's attack.
Press: ? - help, Shift-Dir - straight line, f - Prince Ribbit
Aim: Prince Ribbit (heavily wounded)
The splash of poison misses Prince Ribbit.
You feel slightly more hungry. Prince Ribbit barely misses you.
The adder barely misses you. Prince Ribbit hits you!
* * * LOW HITPOINT WARNING * * *
Your shield and ring mail prevent you from hitting Prince Ribbit.
Prince Ribbit is heavily wounded.
You hit the adder. The adder barely misses you.
Prince Ribbit blinks!
You hit Prince Ribbit.
Prince Ribbit is severely wounded.
You hit the adder. You block the adder's attack. Prince Ribbit hits you!
You die...

..........#
######>##.....#...
..........# ..
#.##.....#...
..........# ...
#.####...##'#
......S...# ...
#.# ##......
#..F5@..# #.# #.#
#...... #.# #@#
#.# #######
#.####.#<# #.#
#......#.#######.#
#.######55S@F....#
#.######S#########
#........#
##########


You could see Prince Ribbit, 2 adders and 2 shadow imps.

Vanquished Creatures
  Harold (D:7)
  Pikel (D:6)
  A spriggan (D:7)
  Sigmund (D:6)
  A hungry ghost (D:7)
  A water moccasin (D:5)
  2 sky beasts (D:5)
  A slave (D:6)
  An ice beast (D:7)
  2 orc warriors
  2 bullfrogs (D:7)
  3 scorpions
  A howler monkey (D:5)
  2 crimson imps (D:7)
  5 orc priests
  A hound (D:3)
  A centaur skeleton (D:4)
  2 iguanas
  2 jellies (D:6)
  2 orc wizards (D:7)
  4 worker ants
  A hound zombie (D:5)
  A hound skeleton (D:5)
  8 gnolls
  10 adders
  4 shadow imps
  3 oozes
  4 worms
  2 dart slugs
  5 leopard geckos
  23 orcs
  4 giant cockroaches
  6 goblins
  4 hobgoblins
  16 jackals
  6 kobolds
  4 quokkas
  A ball python (D:2)
  9 bats
  A frilled lizard (D:5)
  A giant cockroach zombie (D:5)
  6 rats
156 creatures vanquished.

Vanquished Creatures (others)
  A slave (D:6)
  A sky beast (D:7)
  An orc wizard (D:6)
  A worker ant (D:6)
  An orc (D:6)
5 creatures vanquished.

Grand Total: 161 creatures vanquished

Notes
Turn   | Place    | Note
-------+----------+-------------------------------------------
     0 | D:1      | grindst0ne the Naga Monk began the quest for the Orb.
     0 | D:1      | Reached XP level 1. HP: 21/21 MP: 1/1
     9 | D:1      | You fall into a shaft and drop 1 floor!
   392 | D:1      | Reached XP level 2. HP: 3/28 MP: 2/2
   824 | D:1      | Reached XP level 3. HP: 31/34 MP: 3/3
  1191 | D:2      | Found a blossoming altar of Fedhas.
  1563 | D:2      | Reached XP level 4. HP: 42/42 MP: 4/4
  1879 | D:3      | Found a runed translucent gate.
  1884 | D:3      | Noticed Klik's ghost (amateur HOFi)
  1964 | D:3      | Reached skill level 1 in Armour
  1971 | D:3      | Reached XP level 5. HP: 25/50 MP: 5/5
  2054 | D:3      | Reached skill level 5 in Stealth
  2590 | D:3      | Found a snail-covered altar of Cheibriados.
  2656 | D:3      | Found a hazy altar of Hepliaklqana.
  2657 | D:3      | Found a shimmering altar of Xom.
  2657 | D:3      | Noticed a torpor snail
  2658 | D:3      | Noticed a spectral ugly thing
  2658 | D:3      | Noticed a torpor snail
  2698 | D:3      | Found a runed translucent gate.
  2698 | D:3      | Found a runed translucent gate.
  2762 | D:3      | Reached XP level 6. HP: 47/57 MP: 6/6
  3542 | D:4      | Found an ornate altar of the Wu Jian Council.
  3564 | D:4      | Reached skill level 1 in Shields
  3941 | D:5      | Entered Level 5 of the Dungeon
  4038 | D:5      | Noticed a sky beast
  4051 | D:5      | Killed a sky beast
  4051 | D:5      | Reached XP level 7. HP: 59/64 MP: 7/7
  4215 | D:5      | Found a runed translucent door.
  4228 | D:5      | Noticed Esos's ghost (amateur DgIE)
  4572 | D:5      | Found a shimmering blue altar of Sif Muna.
  4635 | D:5      | Reached XP level 8. HP: 64/72 MP: 8/8
  4964 | D:5      | Found a staircase to the Ecumenical Temple.
  5016 | Temple   | Entered the Ecumenical Temple
  5080 | Temple   | Became a worshipper of Qazlal Stormbringer
  5080 | Temple   | Reached * piety under Qazlal
  5080 | Temple   | Reached ** piety under Qazlal
  5383 | D:6      | Reached skill level 1 in Invocations
  5436 | D:6      | Found a hide-covered altar of Uskayaw.
  5443 | D:6      | Noticed Sigmund
  5459 | D:6      | Killed Sigmund
  5459 | D:6      | Reached skill level 2 in Invocations
  5829 | D:6      | Noticed Pikel
  5854 | D:6      | Killed Pikel
  5854 | D:6      | Reached skill level 5 in Dodging
  5854 | D:6      | Reached skill level 4 in Invocations
  5854 | D:6      | Reached XP level 9. HP: 78/78 MP: 10/12
  5936 | D:6      | Reached skill level 5 in Invocations
  6158 | D:7      | HP: 1/78 [orc warrior/+0 dire flail (14)]
  6163 | D:7      | Reached skill level 6 in Invocations
  6285 | D:7      | Found a shattered altar of Ashenzari.
  6371 | D:7      | Noticed Harold
  6371 | D:7      | Noticed Prince Ribbit
  6527 | D:7      | Found an ancient bone altar of Kikubaaqudgha.
  6670 | D:7      | Killed Harold
  6670 | D:7      | Reached skill level 5 in Shields
  6670 | D:7      | Reached skill level 7 in Invocations
  6687 | D:7      | Reached skill level 8 in Invocations
  6687 | D:7      | Reached XP level 10. HP: 13/85 MP: 14/16
  6696 | D:7      | Slain by Prince Ribbit

Levels and vault maps discovered:
D:1:      lemuel_arrival_room, layout_loops_ring
D:2:      layout_rooms, overflow_temple_1_default, serial_aquarium,
          aquarium_bridge_square [aquarium_subvault_bridge,
          aquarium_subvault_window, aquarium_subvault_wall,
          aquarium_subvault_bridge], aquarium_window_1, aquarium_window_1,
          aquarium_view_2f, aquarium_view_2d
D:3:      layout_loops_cross, regret_index_temple_of_mockery,
          nicolae_overflow_crystal_walls, gammafunk_ghost_split, minmay_circle_x
D:4:      layout_loops_corners, lemuel_crystal_altar
D:5:      minmay_opposing_rooms, layout_loops_corners,
          minmay_temple_entry_sparse_star, first_ration, basic_altar,
          ebering_ghost_sewer_d
D:6:      layout_basic, overflow_temple_1_default, uniq_pikel, uniq_sigmund
D:7:      minmay_the_grid_triangle_9x9_rhombus_full
          [minmay_the_grid_triangle_9x9_stretched_checkered,
          minmay_the_grid_triangle_9x9_sprig,
          minmay_the_grid_triangle_9x9_alien,
          minmay_the_grid_triangle_9x9_warning,
          minmay_the_grid_triangle_9x9_impossible_snake,
          minmay_the_grid_triangle_9x9_wacky_v,
          minmay_the_grid_triangle_9x9_steps,
          minmay_the_grid_triangle_9x9_prize_top_heavy], layout_basic,
          evilmike_ruin_ashenzari, marbit_many_paths, kennysheep_little_box,
          kennysheep_mini_moat, the_bakery, st_stairs_9, grunt_ministairs_15,
          uniq_menkaure, uniq_harold, uniq_prince_ribbit1
Temple:   jpeg_temple_island

Skill      XL: |  1  2  3  4  5  6  7  8  9 |
---------------+----------------------------+-----
Stealth        | 4 5 6 7 |  7.2
Armour         | 1 2 3 |  3.2
Fighting       | 4 |  4.1
Axes           | 4 |  4.0
Dodging        | 3 4 5 6 |  6.1
Shields        | 1 2 3 5 |  5.1
Invocations    | 4 8 |  8.1

Action                   |  1- 3 |  4- 6 |  7- 9 | 10-12 || total
-------------------------+-------+-------+-------+-------++-------
Melee: Hand axe          |    59 |   162 |   457 |     7 ||   685
       Dagger            |     1 |     2 |       |       ||     3
       Short sword       |       |    34 |       |       ||    34
Throw: Javelin           |     5 |    25 |    11 |       ||    41
       Dart              |       |       |     2 |       ||     2
Invok: Upheaval          |       |       |     3 |       ||     3
 Abil: Spit Poison       |    10 |    50 |    39 |     2 ||   101
  Use: Potion            |       |     5 |     6 |       ||    11
       Scroll            |       |     6 |     3 |       ||     9
 Stab: Sleeping          |     3 |     2 |       |       ||     5
       Distracted        |     1 |       |     1 |       ||     2
  Eat: Chunk             |     2 |     9 |    10 |       ||    21
       Ration            |       |       |     3 |       ||     3
Armor: Ring mail         |    28 |    98 |   154 |     5 ||   285
Dodge: Dodged            |    34 |   145 |   155 |     6 ||   340
Block: Large shield      |       |       |   260 |     9 ||   269
